AoeStats
← 陟遐自迩

QS Arena

503387094Analyzed
4v4 RM · 1mo ago on Aug 31, 2026· 43m 22s· 8 players
Game mode
Random Map
Map size
Large (8 player)
Population
200
Speed
Normal
Resources
Standard
Victory
Conquest
Starting age
Dark Age
Ending age
Imperial Age
RankedLock teamsTeams togetherTeam positionsShared explorationLock speedFull tech treeHidden civsTurbo modeCheats
Victory
Defeat
🇨🇳 Spanish · China
1265
+13
🇨🇳 Teutons · China
1216
+15
🇫🇷 Khmer · France
1141
+19
🇩🇪 Hindustanis · Germany
1108
+20
🇨🇳 Poles · China
1303
-21
🇨🇳 Burmese · China
1261
-20
🇨🇳 Persians · China
1147
-14
🇨🇳 Turks · China
1075
-11
tiger
8:07 Feudal Age
7:28 Loom
8:52 Horse Collar
13:47 Castle Age
14:31 Wheelbarrow
14:59 Heavy Plow
14:47 Double-Bit Axe
15:44 Bow Saw
20:32 Town Watch
21:21 Sanctity
30:22 Imperial Age
27:56 Murder Holes
27:57 Gold Mining
28:21 Masonry
28:31 Stone Mining
29:30 Ballistics
29:16 Fletching
29:27 Padded Archer Armor
30:23 Bodkin Arrow
31:16 Leather Archer Armor
32:47 Fortified Wall
35:59 Scale Barding Armor
36:04 Forging
36:19 Husbandry
36:30 Bloodlines
35:40 Light Cavalry
37:21 Chain Barding Armor
38:35 Iron Casting
39:46 Stone Mining
小熊猫大王
7:33 Feudal Age
8:29 Double-Bit Axe
16:15 Castle Age
14:45 Horse Collar
16:24 Gold Mining
16:26 Stone Mining
21:22 Bow Saw
21:32 Heavy Plow
29:00 Imperial Age
26:45 Padded Archer Armor
27:38 Wheelbarrow
26:49 Loom
28:22 Leather Archer Armor
28:56 Gold Shaft Mining
29:09 Hand Cart
28:39 Town Watch
29:25 Ballistics
31:30 Forging
31:25 Scale Barding Armor
31:14 Elite Janissary
34:48 Bloodlines
34:39 Husbandry
偷猪的简笔
8:06 Feudal Age
11:38 Castle Age
9:25 Horse Collar
19:09 Wheelbarrow
20:56 Hand Cart
25:50 Imperial Age
23:52 Scale Barding Armor
23:59 Forging
24:37 Bloodlines
24:27 Husbandry
24:14 Loom
25:01 Chain Barding Armor
24:50 Gold Mining
27:11 Plate Barding Armor
26:29 Elite Battle Elephant
28:06 Iron Casting
28:33 Husbandry
28:42 Man-at-Arms
29:07 Gambesons
29:23 Squires
29:33 Scale Mail Armor
31:01 Blast Furnace
29:34 Long Swordsman
30:01 Arson
30:49 Chain Mail Armor
30:31 Two-Handed Swordsman
33:09 Plate Mail Armor
32:47 Champion
35:45 Conscription
35:27 Howdah
35:51 Elite Arambai
36:53 Padded Archer Armor
36:43 Fletching
39:40 Parthian Tactics
39:55 Manipur Cavalry
Hsaheyhd
0:44 Loom
9:21 Feudal Age
14:38 Castle Age
13:25 Horse Collar
13:31 Double-Bit Axe
15:42 Wheelbarrow
15:19 Bow Saw
15:09 Heavy Plow
22:54 Fervor
25:02 Padded Archer Armor
28:25 Imperial Age
26:15 Hand Cart
27:07 Gold Mining
27:08 Stone Mining
30:40 Two-Man Saw
30:14 Crop Rotation
30:02 Leather Archer Armor
30:51 Chemistry
31:12 Gold Shaft Mining
31:14 Stone Shaft Mining
31:24 Ring Archer Armor
32:19 Scale Barding Armor
34:33 Elite War Elephant
35:58 Conscription
36:20 Chain Barding Armor
38:48 Plate Barding Armor
38:24 Forging
39:30 Husbandry
39:41 Bloodlines
40:34 Citadels
41:02 Hoardings
40:21 Fletching
41:08 Iron Casting
41:48 Bodkin Arrow
43:05 Blast Furnace
Fralex04
6:22 Loom
8:26 Feudal Age
11:35 Castle Age
9:52 Double-Bit Axe
10:44 Horse Collar
12:27 Wheelbarrow
13:20 Bow Saw
17:24 Stone Mining
20:56 Gold Mining
22:38 Gold Shaft Mining
23:46 Stone Shaft Mining
23:41 Heavy Plow
24:17 Murder Holes
27:05 Imperial Age
24:44 Fletching
26:30 Forging
27:13 Fortified Wall
27:01 Bodkin Arrow
27:07 Scale Mail Armor
28:14 Conscription
29:23 Chemistry
27:58 Pikeman
28:26 Arson
29:40 Iron Casting
29:06 Bracer
29:23 Chain Mail Armor
28:59 Halberdier
30:42 Hand Cart
31:03 Bracer
32:08 Blast Furnace
32:56 Crop Rotation
32:45 Elite Skirmisher
37:53 Padded Archer Armor
37:58 Scale Barding Armor
40:26 Elite Ballista Elephant
41:11 Double Crossbow
42:45 Ballistics
42:31 Siege Engineers
42:37 Masonry
陟遐自迩
0:58 Loom
9:17 Feudal Age
10:33 Horse Collar
15:49 Castle Age
13:52 Double-Bit Axe
14:42 Stone Mining
16:45 Wheelbarrow
18:28 Bow Saw
19:03 Heavy Plow
19:38 Gold Mining
27:40 Imperial Age
25:51 Gold Shaft Mining
26:14 Hand Cart
25:45 Town Watch
26:35 Grand Trunk Road
26:59 Forging
27:03 Scale Barding Armor
28:50 Iron Casting
27:48 Pikeman
28:38 Husbandry
28:48 Bloodlines
29:07 Chain Barding Armor
29:56 Two-Man Saw
28:29 Heavy Camel Rider
29:40 Conscription
30:56 Blast Furnace
31:26 Plate Barding Armor
30:41 Fletching
30:53 Padded Archer Armor
31:08 Imperial Camel Rider
32:25 Shatagni
32:34 Thumb Ring
33:42 Chemistry
33:04 Ballistics
35:06 Leather Archer Armor
37:06 Light Cavalry
38:59 Stone Shaft Mining
40:10 Ring Archer Armor
40:29 Hussar
42:48 Siege Engineers
42:56 Masonry
нежность
8:31 Feudal Age
12:29 Castle Age
10:58 Double-Bit Axe
11:21 Horse Collar
13:44 Bow Saw
20:50 Wheelbarrow
22:07 Gold Mining
23:51 Hand Cart
27:10 Imperial Age
27:09 Scale Barding Armor
27:15 Forging
27:10 Stone Mining
27:43 Cavalier
28:24 Husbandry
28:34 Bloodlines
29:30 Chain Barding Armor
29:45 Iron Casting
29:32 Conscription
31:43 Paladin
32:20 Town Watch
32:20 Loom
33:36 Plate Barding Armor
36:17 Blast Furnace
42:02 Light Cavalry
43:21 Hussar
帅死八个人
7:45 Feudal Age
9:06 Double-Bit Axe
11:40 Castle Age
12:55 Bow Saw
20:17 Horse Collar
25:24 Imperial Age
23:01 Heavy Plow
25:37 Wheelbarrow
24:48 Loom
24:49 Town Watch
25:47 Scale Barding Armor
25:44 Scale Mail Armor
25:54 Forging
25:23 Pikeman
26:03 Squires
25:49 Arson
26:58 Gold Mining
26:59 Stone Mining
28:02 Chain Barding Armor
27:58 Chain Mail Armor
27:14 Cavalier
28:05 Bloodlines
28:21 Halberdier
30:11 Stone Shaft Mining
30:50 Plate Mail Armor
30:56 Plate Barding Armor
32:32 Iron Casting
32:45 Paladin
40:46 Hand Cart
Connection lost

Rejoining the realm…

Still unreachable

The connection could not be restored.

Session expired

The server has moved on; the page needs a fresh start.